 Dungeon Crawl Stone Soup version 0.30.0-19-g36f170ea60 (webtiles) character file.

Game seed: 7499918429424897305

91 Descartes the Ducker (level 4, -8/30 HPs)
             Began as a Felid Transmuter on May 30, 2023.
             Mangled by Duvessa
             ... wielding a +2 rapier of distortion
              (16 damage)
             ... on level 4 of the Dungeon.
             The game lasted 00:03:46 (1677 turns).

Descartes the Ducker (Felid Transmuter)             Turns: 1677, Time: 00:03:47

Health: -8/30      AC: 22    Str:  8    XL:     4   Next: 33%
Magic:  9/9        EV:  4    Int: 15    God:
Gold:   75         SH:  0    Dex: 16    Spells: 7/8 levels left
                                        Lives:  0   Deaths: 1

rFire   . .          .
                       - Unarmed
rCold   . . .        (shield unavailable)
rNeg    . . .        (body armour unavailable)
rPois   +            (helmet unavailable)
rElec   .            (cloak unavailable)
rCorr   .            (gloves unavailable)
SInv    +            (boots unavailable)
Will    .....        (no amulet)
Stlth   +            (no ring)
HPRegen 0.25/turn    (no ring)
MPRegen 0.11/turn

%: no passive effects
@: confused, tree-form, ambrosia-drunk
A: stationary, stasis, torment immunity, boosted hp, very small, (claws 1),
(fangs 3), see invisible, (speed 1), (shaggy fur 1), (stealthy paws), no weapons
or thrown items, no armour, multi-lived
a: no special abilities


You were on level 4 of the Dungeon.
You were a tree.
You visited 1 branch of the dungeon, and saw 3 of its levels.

You collected 75 gold pieces.

Inventory:

Scrolls
 e - a scroll of fear {unknown}
 f - a scroll of magic mapping {unknown}
 g - a scroll of blinking {unknown}
 h - 2 scrolls of identify {unknown}
 k - a scroll of amnesia {unknown}
Potions
 b - a potion of might {unknown}
 c - a potion of berserk rage {unknown}
 d - a potion of brilliance {unknown}
 j - 2 potions of curing {unknown}


   Skills:
 + Level 2.4 Fighting
 + Level 4.1 Dodging
 + Level 3.7 Unarmed Combat
 + Level 2.9 Spellcasting
 + Level 3.3 Transmutations


You had 7 spell levels left.
You knew the following spells:

 Your Spells              Type           Power      Damage    Failure   Level
a - Beastly Appendage     Tmut           24%        N/A       5%          1

Your spell library contained the following spells:

 Spells                   Type           Power      Damage    Failure   Level
 Wereblood                Tmut           12%        N/A       8%          2
 Spider Form              Tmut/Pois      7%         N/A       30%         3
 Call Canine Familiar     Summ           2%         N/A       52%         3
 Ice Form                 Ice/Tmut       7%         N/A       71%         4
 Leda's Liquefaction      Hex/Erth       1%         N/A       90%         4
 Portal Projectile        Hex/Tloc       Unusable   N/A       N/A         3

Dungeon Overview and Level Annotations

Branches:
Dungeon (2/15)

Altars:
Wu Jian

Annotations:
D:4 Dowan, Duvessa


Innate Abilities, Weirdness & Mutations

You are a tree.
Your roots penetrate the ground, keeping you stationary.
You cannot be teleported.
You are immune to unholy pain and torment.
Your maximum health is greatly increased.
((You have sharp claws.))
((You have razor-sharp teeth.))
You have supernaturally acute eyesight. (SInv)
((You cover ground quickly. (Speed+)))
((You are covered in fur. (AC +1)))
((Your paws help you pounce on unaware monsters.))
You are incapable of wielding weapons or throwing items.
You cannot wear armour.
You gain extra lives every three experience levels.


Message History

You are stuck in your current form!
You hit Duvessa but do no damage. You punch Duvessa, but do no damage.
Duvessa is heavily wounded.
Duvessa barely misses you.
You hit Duvessa but do no damage.
Duvessa is heavily wounded.
Duvessa barely misses you.
You completely miss Duvessa.
Duvessa is heavily wounded.
Dowan gestures wildly while chanting.
Dowan blinks!
You hit Duvessa.
Duvessa is heavily wounded.
Duvessa hits you with a +2 rapier of distortion.
* * * LOW HITPOINT WARNING * * *
You are confused.
You feel invigorated.
Duvessa says, "Where magic fails, the sword succeeds!"
Duvessa barely misses you. Dowan hits you but does no damage.
You cannot move. (Use ctrl+direction or * direction to attack while stationary and confused.)
You cannot move. (Use ctrl+direction or * direction to attack while stationary and confused.)
You cannot move. (Use ctrl+direction or * direction to attack while stationary and confused.)
You cannot move. (Use ctrl+direction or * direction to attack while stationary and confused.)
You cannot move. (Use ctrl+direction or * direction to attack while stationary and confused.)
You cannot move. (Use ctrl+direction or * direction to attack while stationary and confused.)
You cannot move. (Use ctrl+direction or * direction to attack while stationary and confused.)
You cannot move. (Use ctrl+direction or * direction to attack while stationary and confused.)
You cannot move. (Use ctrl+direction or * direction to attack while stationary and confused.)
You cannot move. (Use ctrl+direction or * direction to attack while stationary and confused.)
You nearly hit yourself!
Dowan hits you with a +2 dagger of speed.
* * * LOW HITPOINT WARNING * * *
Duvessa hits you but does no damage. Space warps around you.
* * * LOW HITPOINT WARNING * * *
You miss Dowan. Dowan gestures at you while chanting.
You resist with some effort. Duvessa hits you but does no damage.
Space warps horribly around you!
Ouch! That really hurt!
You die...

........# ##.#..#.# ..†...#.#
#.###[#.######## #...###.#
##.#............ # ....# #.#
##.###.######## .# ##.## #.#
##.#.##.# #.#. #.#
#.#####.###.#.##### #..?.
##.####......## ##...e..####w....
.......######.###e#####....†s....
##.###.# ##.#♣## ######J....
.......# ##e## #.... ##.###.#
#####.# #.#. ##.# #.# #.....# .#
##.###†####.###.# #
...#........###.#
................#
.###.#.#######.## .......# #.#


You could see Duvessa and Dowan.

Vanquished Creatures
  2 hounds (D:4)
  An orc priest (D:4)
  An orc wizard (D:4)
  An adder (D:4)
  A white imp (D:4)
  2 dart slugs
  An orc (D:4)
  4 ball pythons
  4 bats
  3 endoplasms
  3 giant cockroaches
  5 goblins
  3 hobgoblins
  A jackal (D:4)
  4 kobolds
  A frilled lizard (D:1)
  7 rats
44 creatures vanquished.

Notes
Turn   | Place    | Note
-------+----------+-------------------------------------------
     0 | D:1      | Descartes the Felid Transmuter began the quest for the Orb.
     0 | D:1      | Reached XP level 1. HP: 9/9 MP: 4/4
   123 | D:1      | Reached XP level 2. HP: 12/12 MP: 3/6
   186 | D:1      | Reached skill level 3 in Dodging
   751 | D:1      | Reached XP level 3. HP: 11/15 MP: 5/7
  1175 | D:2      | You fall into a shaft and drop 2 floors!
  1175 | D:4      | Found an ornate altar of the Wu Jian Council.
  1211 | D:4      | Reached XP level 4. HP: 14/19 MP: 5/8
  1330 | D:4      | Reached XP level 5. HP: 22/22 MP: 10/10
  1373 | D:4      | Noticed Duvessa
  1373 | D:4      | Noticed Dowan
  1406 | D:4      | Reached skill level 4 in Dodging
  1594 | D:4      | Slain by a scorpion
  1595 | D:4      | Reached XP level 4. HP: -1/20 MP: 9/9
  1677 | D:4      | Mangled by Duvessa

Illustrated notes

Levels and vault maps discovered:
D:1:      eino_arrival_tree_alley, layout_loops_ring
D:2:      layout_loops_ring, uniq_jessica
D:4:      layout_loops_ring, lemuel_tele_altar, kennysheep_generic_room_14,
          uniq_duvessa

Skill      XL: |  1  2  3  4  5 |
---------------+----------------+-----
Dodging        | 3 4 |  4.1
Fighting       | 2 |  2.4
Transmutations | 3 |  3.3
Unarmed Combat | |  3.7
Spellcasting   | |  2.9

Action                     |  1- 3 |  4- 6 || total
---------------------------+-------+-------++-------
  Melee: Unarmed           |    99 |    51 ||   150
         Headbutt          |    11 |     3 ||    14
         Bite              |     8 |     7 ||    15
         Punch             |       |     4 ||     4
   Cast: Beastly Appendage |    29 |     9 ||    38
    Use: Potion            |       |     5 ||     5
   Stab: Sleeping          |     2 |       ||     2
 Armour: Skin              |     4 |     8 ||    12
  Dodge: Dodged            |    74 |    37 ||   111
